 Dungeon Crawl Stone Soup version 0.24.0-29-g8ce449bc06 (webtiles) character file.

Game seed: 10497779547972229833, levelgen mode: deterministic

241 Flugslaktarn the Chopper (level 5, -6/47 HPs)
             Began as a Minotaur Fighter on Nov 14, 2019.
             Mangled by an ogre
             ... wielding a +0 giant club
              (8 damage)
             ... on level 4 of the Dungeon.
             The game lasted 00:01:12 (2225 turns).

Flugslaktarn the Chopper (Minotaur Fighter)         Turns: 2225, Time: 00:01:13

Health: -6/47      AC:  7    Str: 22    XL:     5   Next: 80%
Magic:  4/4        EV:  7    Int:  5    God:
Gold:   72         SH:  9    Dex:  9    Spells: 4/4 levels left

rFire    . . .     SeeInvis .   a - +0 war axe
rCold    . . .     Gourm    .   c - +0 shield
rNeg     . . .     Faith    .   b - +0 scale mail
rPois    .         Spirit   .   (helmet restricted)
rElec    .         Reflect  .   (no cloak)
rCorr    .         Harm     .   (no gloves)
MR       .....                  (no boots)
Stlth    ..........             (no amulet)
HPRegen  0.15/turn              (no ring)
MPRegen  0.09/turn              (no ring)

@: no status effects
A: retaliatory headbutt, horns 2
a: no special abilities


You were on level 4 of the Dungeon.
You were not hungry.

You visited 1 branch of the dungeon, and saw 4 of its levels.

You collected 72 gold pieces.

Inventory:

Hand Weapons
 a - a +0 war axe (weapon)
Armour
 b - a +0 scale mail (worn)
 c - a +0 shield (worn)
Jewellery
 h - a cursed -3 ring of intelligence {unknown}
   (You found it on level 2 of the Dungeon)
 j - an uncursed ring of poison resistance {unknown}
   (You found it on level 4 of the Dungeon)
Scrolls
 f - 3 scrolls of identify {unknown}
 i - a scroll of enchant weapon {unknown}
Potions
 d - a potion of might
 g - a potion of mutation {unknown}
Comestibles
 e - 6 rations


   Skills:
 + Level 4.8 Fighting
 * Level 5.0 Axes
 + Level 4.7 Armour
 + Level 4.8 Shields


You had 4 spell levels left.
You didn't know any spells.
Your spell library was empty.

Dungeon Overview and Level Annotations

Branches:
Dungeon (4/15)
 Temple: D:4-7

Altars:
Qazlal
Zin


Innate Abilities, Weirdness & Mutations

You reflexively headbutt those who attack you in melee.
You have a pair of horns on your head.


Message History

The ogre is heavily wounded.
The ogre completely misses you.
Unknown command.
An ogre is nearby!
An ogre is nearby!
Things that are here:
a +0 mace; a +0 leather armour You see here a cursed +0 dagger.
You see here a cursed -1 dagger.
You slash the ogre! Your headbutt misses the ogre.
The ogre is severely wounded.
The ogre hits you with a +0 giant club!
* * * LOW HITPOINT WARNING * * *
You barely miss the ogre. Your headbutt misses the ogre.
The ogre is severely wounded.
You block the ogre's attack.
You hit the ogre but do no damage. Your headbutt misses the ogre.
The ogre is severely wounded.
The ogre hits you with a +0 giant club!
You die...

######## #O#.#.#.#####.#.....
.......#######.#.#.#.#...#.#.....
.......+.....#.#.#.#'#.#.#.'.....
.......####....#.........###...[.
.......# #....#...............#.
.......# #....#.........#.#.....
...<...# #....#.........#.###.##
.......####....#.................
####.#.........#@O...............
..)..####.....................###
..))...........########.......#
.................. ..........#
...........[###.### ###.......###
.................. +..........
............###.#### #.......##.
...................# .......###.
......[..##.##.###... #. #.


You could see an ogre.

Vanquished Creatures
  A scorpion (D:4)
  A hound (D:4)
  2 orc wizards (D:4)
  A worker ant (D:4)
  3 adders
  An ooze (D:2)
  3 worms
  A leopard gecko (D:2)
  6 orcs (D:4)
  A ball python (D:2)
  2 giant cockroaches (D:4)
  2 hobgoblins (D:3)
  6 kobolds
  A quokka (D:4)
  A bat (D:1)
  6 frilled lizards
  4 goblins
  3 rats
45 creatures vanquished.

Notes
Turn   | Place    | Note
-------+----------+-------------------------------------------
     0 | D:1      | Flugslaktarn the Minotaur Fighter began the quest for the
                  | Orb.
     0 | D:1      | Reached XP level 1. HP: 19/19 MP: 0/0
   344 | D:2      | Reached skill level 3 in Axes
   344 | D:2      | Reached XP level 2. HP: 27/27 MP: 1/1
   389 | D:2      | Found a stormy altar of Qazlal.
   659 | D:2      | Found a glowing silver altar of Zin.
   752 | D:2      | Reached XP level 3. HP: 33/33 MP: 2/2
  1062 | D:4      | Reached XP level 4. HP: 40/40 MP: 3/3
  1081 | D:4      | Reached skill level 4 in Axes
  1249 | D:4      | Reached XP level 5. HP: 42/47 MP: 4/4
  1846 | D:4      | Noticed an ogre
  2112 | D:4      | Reached skill level 5 in Axes
  2223 | D:4      | HP: 1/47 [ogre/+0 giant club (10)]
  2225 | D:4      | Mangled by an ogre

Levels and vault maps discovered:
D:1:      minmay_arrival_stair_chambers, layout_loops_ring
D:2:      layout_basic, lemuel_round_altar, nicolae_overflow_crystal_walls,
          grunt_ministairs_6
D:3:      layout_basic, lemuel_round_altar, solitary_fountain,
          chequers_serial_rivers_marsh, uniq_crazy_yiuf_cottage, uniq_robin
D:4:      layout_basic, gup_sewer_entry_pipe, eino_small_chamber_without_monster

Skill      XL: |  1  2  3  4  5 |
---------------+----------------+-----
Axes           | 3 4 5 |  5.0
Armour         | 4 |  4.7
Shields        | 4 |  4.8
Fighting       | 4 |  4.8

Action                   |  1- 3 |  4- 6 || total
-------------------------+-------+-------++-------
Melee: War axe           |    62 |    79 ||   141
       Headbutt          |    10 |     8 ||    18
  Eat: Chunk             |     1 |     3 ||     4
Armor: Scale mail        |    21 |    31 ||    52
Dodge: Dodged            |    11 |    22 ||    33
Block: Shield            |    24 |    24 ||    48
